 Dungeon Crawl Stone Soup version 0.25-a0-690-g234afa57d4 (webtiles) character file.

Game seed: 14710920943813235498, levelgen mode: deterministic

32601 kae the Black Belt (level 13, -4/118 HPs)
             Began as a Yellow Draconian Transmuter on Mar 30, 2020.
             Was the Champion of Wu Jian.
             Slain by a six-headed hydra (10 damage)
             ... on level 5 of the Lair of Beasts.
             The game lasted 00:24:47 (21221 turns).

kae the Black Belt (Yellow Draconian Transmuter)   Turns: 21221, Time: 00:24:48

Health: -4/118     AC:  9    Str: 13    XL:     13   Next: 32%
Magic:  0/25       EV: 12    Int: 17    God:    Wu Jian [******]
Gold:   1858       SH:  0    Dex: 13    Spells: 11/28 levels left

rFire    + . .     SeeInvis .     - Unarmed
rCold    . . .     Gourm    .   (no shield)
rNeg     . . .     Faith    .   (armour unavailable)
rPois    .         Spirit   +   s - +1 hat
rElec    .         Reflect  .   d - scarf {repulsion}
rCorr    +         Harm     .   (no gloves)
MR       ++...                  (no boots)
Stlth    ++........             x - amulet of guardian spirit
HPRegen  0.29/turn              E - ring of Lodegi {*Slow rF+ MR+ Slay+5 Stlth+}
MPRegen  0.19/turn              k - ring of protection from magic

@: repel missiles
A: spit acid, unfitting armour, cold-blooded, acid resistance, AC +8
a: Breathe Acid, Wall Jump, Serpent's Lash, Heavenly Storm, Renounce Religion


You were on level 5 of the Lair of Beasts.
You worshipped Wu Jian.
Wu Jian was exalted by your worship.
You were hungry.

You visited 3 branches of the dungeon, and saw 17 of its levels.
You also visited: Ossuary.

You collected 1858 gold pieces.

Inventory:

Missiles
 a - 255 arrows
Armour
 d - a scarf of repulsion (worn)
 s - a +1 hat (worn)
Jewellery
 f - an uncursed ring of protection from fire
 k - a ring of protection from magic (right hand)
 l - an uncursed ring of magical power
 x - an amulet of guardian spirit (around neck)
 y - an uncursed ring of flight
 C - an uncursed amulet of rage
 E - the ring of Lodegi (left hand) {*Slow rF+ MR+ Slay+5 Stlth+}
   (You found it on level 8 of the Dungeon)

   [ring of stealth]

   It affects your accuracy and damage with ranged weapons and melee attacks
   (+5).
   It protects you from fire.
   It affects your resistance to hostile enchantments.
   It may slow you when you take damage.
   It makes you more stealthy.
Wands
 j - a wand of paralysis (36)
 p - a wand of polymorph (6)
 z - a wand of digging (7)
 G - a wand of enslavement (2)
 H - a wand of flame (8)
 I - a wand of disintegration (10)
 J - a wand of clouds (7)
 M - a wand of acid (10)
Scrolls
 g - a scroll of holy word
 m - 2 scrolls of enchant armour
 n - 10 scrolls of teleportation
 o - a scroll of amnesia
 r - 5 scrolls of identify
 u - 2 scrolls of immolation
 A - 3 scrolls of blinking
 B - 3 scrolls of fear
 K - 2 scrolls of remove curse
 L - a scroll of enchant weapon
 N - a scroll of fog
 P - a scroll of summoning
Potions
 b - 3 potions of heal wounds
 e - 2 potions of mutation
 h - 2 potions of magic
 i - 2 potions of brilliance
 q - 3 potions of flight
 t - 3 potions of haste
 v - 3 potions of curing
 w - 3 potions of resistance
 D - 2 potions of lignification
 F - a potion of berserk rage
Comestibles
 c - 41 rations


   Skills:
 + Level 12.3 Fighting
 - Level 1.7 Dodging
 * Level 15.6 Unarmed Combat
 - Level 8.0 Spellcasting
 - Level 9.0 Transmutations


You had 11 spell levels left.
You knew the following spells:

 Your Spells              Type           Power        Failure   Level  Hunger
a - Beastly Appendage     Tmut           #####.       1%          1    None
b - Sticks to Snakes      Tmut           #####...     1%          2    None
c - Spider Form           Tmut/Pois      ###.......   4%          3    #......
d - Blade Hands           Tmut           #####.....   7%          5    #####..
e - Ice Form              Ice/Tmut       ###.....     16%         4    ###....
f - Blink                 Tloc           N/A          16%         2    None

Your spell library contained the following spells:

 Spells                   Type           Power        Failure   Level  Hunger
 Animate Skeleton         Necr           N/A          11%         1    None
 Magic Dart               Conj           #...         11%         1    None
 Pain                     Necr           #...         11%         1    None
 Call Imp                 Summ           #.......     16%         2    None
 Searing Ray              Conj           #.....       16%         2    None
 Slow                     Hex            #.......     16%         2    None
 Conjure Flame            Conj/Fire      #.......     30%         3    #......
 Dazzling Flash           Conj/Hex       #.....       30%         3    #......
 Mephitic Cloud           Conj/Pois/Air  #.......     30%         3    #......
 Vampiric Draining        Necr           #.........   30%         3    #......
 Animate Dead             Necr           N/A          71%         4    ###....
 Fulminant Prism          Conj/Hex       #.........   71%         4    ###....
 Iskenderun's Mystic Bla  Conj/Tloc      #.......     71%         4    ###....
 Agony                    Necr           #.......     96%         5    #####..


Dungeon Overview and Level Annotations

Branches:
Dungeon (11/15)            Temple (1/1) D:4            Lair (5/6) D:11
 Shoals (0/4) Lair:2       Spider (0/4) Lair:3          Orc (0/2) D:10
Ossuary (visited)
  Slime: Lair:5-6

Altars:
Ashenzari
Cheibriados
Dithmenos
Elyvilon
Fedhas
Gozag
Hepliaklqana
Kikubaaqudgha
Makhleb
Nemelex Xobeh
Okawaru
Qazlal
Ru
Sif Muna
Trog
Uskayaw
Vehumet
Wu Jian
Xom
Yredelemnul
Zin
The Shining One

Annotations:
D:6 2 runed translucent doors, Crazy Yiuf; StormphoenixUK's ghost, novice DsFi


Innate Abilities, Weirdness & Mutations

You can spit globs of acid.
Your golden yellow scales are hard. (AC +8)
You cannot fit into any form of body armour.
You are cold-blooded and may be slowed by cold attacks.
You are resistant to acid. (rCorr)


Message History

* * * LOW HITPOINT WARNING * * *
The six-headed hydra bites you!
* * * LOW HITPOINT WARNING * * *
The six-headed hydra misses you. The basilisk gazes at you.
You resist with almost no effort.
Your transformation has ended.
Your scarf of repulsion unmelds from your body.
Your +1 hat unmelds from your body.
You are surrounded by a repulsion field.
The six-headed hydra bites you.
* * * LOW HITPOINT WARNING * * *
The six-headed hydra bites you.
* * * LOW HITPOINT WARNING * * *
The six-headed hydra bites you.
* * * LOW HITPOINT WARNING * * *
The six-headed hydra bites you.
* * * LOW HITPOINT WARNING * * *
The six-headed hydra bites you!
You die...

......... .........
#........ #..l.....
#.....$.. #........ ###
## ####........
##.######.####..@D.......
.#.#..#P##......P........
...........#.............
#...##...................
###.###P........##.......
.#### ##PP........#......
....# #........###.#..##
...## ##.......# ##..#
.....# .......##


You could see a six-headed hydra and a basilisk.

Vanquished Creatures
  3 hydras
  Harold (Lair:1)
  A two-headed ogre (D:8)
  An unseen horror (D:8)
  Pikel (D:6)
  An ugly thing (D:11)
  A wolf spider (Lair:3)
  A cyclops (D:11)
  A merfolk siren (Lair:2)
  Maurice (D:10)
  A black mamba (Lair:2)
  11 spiny frogs
  A torpor snail (Lair:4)
  A gargoyle (D:10)
  2 rime drakes
  4 komodo dragons
  3 trolls
  7 blink frogs
  9 hippogriffs
  41 yaks
  A vampire (D:11)
  5 basilisks
  A hungry ghost (D:9)
  Grum (Lair:1)
  A wyvern (Lair:2)
  Menkaure (D:7)
  A steam dragon (D:10)
  Duvessa (D:6)
  7 porcupines
  7 water moccasins
  3 orc warriors
  3 ice beasts
  2 sky beasts
  An eye of draining (D:10)
  2 phantoms
  2 black bears
  14 wolves
  3 centaurs
  4 ogres
  7 crocodiles
  A big kobold (D:8)
  18 bullfrogs
  A gnoll sergeant (D:7)
  A wyvern zombie (D:11)
  Dowan (D:6)
  A wyvern skeleton (D:9)
  5 scorpions
  9 killer bees (D:8)
  10 wights
  2 howler monkeys (D:11)
  7 crimson imps
  2 bullfrog zombies
  3 centaur zombies (Ossuary)
  A gnoll shaman (D:8)
  3 hounds
  16 orc wizards
  2 jellies
  2 centaur skeletons
  8 orc priests
  2 iguanas
  15 worker ants
  2 hell rats (Lair:4)
  6 big kobold zombies (Ossuary)
  3 hound zombies
  6 mummies (Ossuary)
  A worker ant zombie (D:11)
  11 gnolls
  10 river rats (Lair:4)
  8 adders
  2 shadow imps
  3 adder skeletons
  An adder zombie (D:5)
  2 worms
  12 leopard geckos
  32 orcs
  4 giant cockroaches
  4 goblins
  4 hobgoblins
  4 jackals
  5 quokkas
  9 bats
  5 frilled lizards
  A hobgoblin zombie (Ossuary)
  A jackal zombie (D:5)
  13 kobolds
  A leopard gecko skeleton (D:4)
  3 quokka skeletons
  4 rats
  A fungus (Lair:3)
427 creatures vanquished.

Vanquished Creatures (collateral kills)
  2 kobolds
2 creatures vanquished.

Vanquished Creatures (others)
  A slave (D:6)
  7 fungi
  7 plants
15 creatures vanquished.

Grand Total: 444 creatures vanquished

Notes
Turn   | Place    | Note
-------+----------+-------------------------------------------
     0 | D:1      | kae the Draconian Transmuter began the quest for the Orb.
     0 | D:1      | Reached XP level 1. HP: 16/16 MP: 3/3
   140 | D:1      | Reached XP level 2. HP: 21/23 MP: 5/5
   147 | D:1      | Learned a level 2 spell: Sticks to Snakes
  1291 | D:2      | Reached XP level 3. HP: 29/29 MP: 4/6
  2486 | D:3      | Learned a level 3 spell: Spider Form
  2494 | D:3      | Reached skill level 4 in Unarmed Combat
  2494 | D:3      | Reached XP level 4. HP: 35/36 MP: 3/7
  2711 | D:4      | Noticed a phantom
  2846 | D:4      | Found a staircase to the Ecumenical Temple,
  2865 | Temple   | Entered the Ecumenical Temple
  3165 | Temple   | Became a worshipper of the Wu Jian Council
  3218 | D:4      | Noticed an ogre
  3278 | D:4      | Found a shimmering altar of Xom,
  3302 | D:4      | Reached XP level 5. HP: 30/42 MP: 9/9
  3481 | D:4      | Killed a phantom
  3481 | D:4      | Reached XP level 6. HP: 22/51 MP: 10/10
  3975 | D:4      | Reached skill level 5 in Unarmed Combat
  4432 | D:5      | Entered Level 5 of the Dungeon
  4710 | D:5      | Your scales start taking on a golden yellow colour.
  4710 | D:5      | Reached XP level 7. HP: 57/57 MP: 12/12
  4710 | D:5      | Gained mutation: You are resistant to acid. (rCorr) [Yellow
                  | Draconian growth]
  5025 | D:5      | Reached * piety under Wu Jian
  5025 | D:5      | Reached skill level 6 in Unarmed Combat
  5029 | D:5      | Found a sand-covered staircase,
  5037 | Ossuary  | Entered an ossuary
  5427 | D:5      | Reached XP level 8. HP: 52/67 MP: 14/14
  6247 | D:6      | Reached skill level 7 in Unarmed Combat
  6321 | D:6      | Reached ** piety under Wu Jian
  6345 | D:6      | Reached skill level 5 in Fighting
  6559 | D:6      | Noticed Pikel
  6576 | D:6      | Killed Pikel
  6576 | D:6      | Reached skill level 5 in Spellcasting
  6576 | D:6      | Reached skill level 5 in Transmutations
  6625 | D:6      | Reached skill level 8 in Unarmed Combat
  6853 | D:6      | Found a runed translucent door,
  6854 | D:6      | Noticed Crazy Yiuf
  6919 | D:6      | Found a runed translucent door,
  6923 | D:6      | Noticed StormphoenixUK's ghost (novice DsFi)
  6982 | D:6      | Noticed Dowan
  6985 | D:6      | Noticed Duvessa
  6997 | D:6      | Killed Duvessa
  6997 | D:6      | Reached XP level 9. HP: 70/75 MP: 16/16
  7001 | D:6      | Killed Dowan
  8094 | D:7      | Reached skill level 9 in Unarmed Combat
  8311 | D:7      | Noticed Menkaure
  8321 | D:7      | Killed Menkaure
  8521 | D:8      | Reached *** piety under Wu Jian
  9143 | D:8      | Killed an unseen horror
  9143 | D:8      | Reached XP level 10. HP: 51/86 MP: 14/19
  9757 | D:8      | Reached skill level 10 in Unarmed Combat
 10032 | D:8      | Noticed a two-headed ogre
 10043 | D:8      | Killed a two-headed ogre
 10050 | D:8      | Got a warped glass ring
 10327 | D:9      | Identified the ring of Lodegi {*Slow rF+ MR+ Slay+5 Stlth+}
                  | (You found it on level 8 of the Dungeon)
 10377 | D:9      | Reached **** piety under Wu Jian
 10439 | D:9      | Learned a level 5 spell: Blade Hands
 11261 | D:10     | Entered Level 10 of the Dungeon
 11261 | D:10     | Noticed Maurice
 11295 | D:10     | Reached skill level 11 in Unarmed Combat
 11331 | D:10     | Killed Maurice
 11456 | D:10     | Noticed a gargoyle
 11467 | D:10     | Killed a gargoyle
 11467 | D:10     | Reached XP level 11. HP: 80/95 MP: 10/21
 11520 | D:10     | Found a staircase to the Orcish Mines,
 11533 | D:10     | Reached ***** piety under Wu Jian
 12224 | D:10     | Identified a scroll of acquirement
 12455 | D:11     | Found a staircase to the Lair,
 12491 | D:11     | Noticed a cyan ugly thing
 12504 | D:11     | Killed a cyan ugly thing
 13368 | Lair:1   | Entered Level 1 of the Lair of Beasts
 13396 | Lair:1   | Reached skill level 12 in Unarmed Combat
 14378 | Lair:1   | Noticed Grum
 14390 | Lair:1   | Killed Grum
 14550 | Lair:1   | Reached XP level 12. HP: 80/106 MP: 14/24
 14740 | Lair:1   | Reached skill level 10 in Fighting
 15069 | Lair:1   | Noticed Harold
 15086 | Lair:1   | Killed Harold
 15086 | Lair:1   | Reached skill level 13 in Unarmed Combat
 15609 | Lair:2   | Noticed a five-headed hydra
 15761 | Lair:1   | Learned a level 4 spell: Ice Form
 15764 | Lair:1   | Learned a level 2 spell: Blink
 16352 | Lair:2   | Killed a five-headed hydra
 16634 | Lair:2   | Noticed a seven-headed hydra
 16656 | Lair:2   | Killed a seven-headed hydra
 17183 | Lair:2   | Reached skill level 14 in Unarmed Combat
 17185 | Lair:2   | Found a staircase to the Shoals,
 17814 | Lair:3   | You fall into a shaft and drop 1 floor!
 18115 | Lair:3   | Found a hole to the Spider Nest,
 18152 | Lair:3   | Noticed a five-headed hydra
 18169 | Lair:3   | Killed a five-headed hydra
 19220 | Lair:3   | Reached XP level 13. HP: 98/117 MP: 17/25
 19417 | Lair:4   | Reached skill level 15 in Unarmed Combat
 20305 | Lair:4   | Reached ****** piety under Wu Jian
 21221 | Lair:5   | Slain by a six-headed hydra

Levels and vault maps discovered:
D:1:      dpeg_arrival_pits, layout_basic, skrybe_limestone_x
D:2:      layout_loops_corners, minmay_misc_feat_alley
D:3:      layout_basic, first_ration
D:4:      layout_basic, kennysheep_mini_moat, minmay_temple_entry_grid,
          kennysheep_boxes
D:5:      layout_basic, nicolae_ossuary_entry_ruins
D:6:      minmay_evil_eye, layout_basic, ebering_ghost_sewer_d, uniq_duvessa,
          uniq_pikel, uniq_crazy_yiuf_cottage
D:7:      layout_loops_ring, chequers_garden, minmay_circle_x, uniq_menkaure
D:8:      wander_river, layout_loops_ring
D:9:      layout_roguey
D:10:     layout_long_grid, orc_0_dummy, uniq_maurice
D:11:     layout_big_octagon, lair_entry_dummy, grunt_ogre_cave
Temple:   kilobyte_greek_temple
Lair:1:   layout_cave_pods, grunt_megastairs_4, uniq_harold, uniq_grum
Lair:2:   layout_layer_cave, minmay_shoals_entry_lonely_mermaid,
          serial_bayou_pond_e
Lair:3:   layout_regular_city, spider_nest_entry_rubble
Lair:4:   layout_regular_city, gauntlet_entry_generic, kennysheep_rathole,
          grunt_megastairs_2, infiniplex_staircase_pool_2
Lair:5:   layout_cave_pods, slime_altar_1, ebering_ghost_rock_garden,
          uniq_josephine

Skill      XL: |  1  2  3  4  5  6  7  8  9 10 11 12 13 |
---------------+----------------------------------------+-----
Fighting       | 2 3 4 5 7 8 9 11 12 | 12.3
Unarmed Combat | 4 5 6 8 9 11 12 14 15 | 15.6
Transmutations | 3 4 5 6 7 9 |  9.0
Spellcasting   | 3 4 5 6 7 8 |  8.0
Dodging        | |  1.7

Action                   |  1- 3 |  4- 6 |  7- 9 | 10-12 | 13-15 || total
-------------------------+-------+-------+-------+-------+-------++-------
Melee: Unarmed           |   121 |   103 |   442 |   565 |   159 ||  1390
       Tailslap          |    10 |     5 |    16 |    43 |     9 ||    83
       Headbutt          |     5 |       |       |       |       ||     5
       Kick              |     8 |       |       |       |       ||     8
       Punch             |     2 |       |     4 |    30 |     5 ||    41
 Cast: Beastly Appendage |    20 |     1 |       |       |       ||    21
       Sticks to Snakes  |     3 |       |       |       |       ||     3
       Spider Form       |     1 |    11 |    32 |    20 |     3 ||    67
       Blade Hands       |       |       |       |    41 |     9 ||    50
       Blink             |       |       |       |     1 |       ||     1
Invok: Lunge             |       |     9 |    23 |    62 |    12 ||   106
       Whirlwind         |       |       |    25 |    76 |    33 ||   134
       Serpent's Lash    |       |       |       |     2 |       ||     2
 Abil: Breathe Acid      |       |       |     3 |     2 |       ||     5
       Wall Jump         |       |       |       |     1 |       ||     1
       End Transformatio |       |       |       |       |     1 ||     1
Evoke: Wand              |       |       |       |     9 |       ||     9
  Use: Scroll            |     4 |     5 |     8 |    10 |     1 ||    28
       Potion            |     1 |       |     4 |       |       ||     5
 Stab: Distracted        |     1 |       |     1 |     1 |       ||     3
       Sleeping          |       |     2 |     2 |    14 |     1 ||    19
       Paralysed         |       |       |       |     4 |       ||     4
  Eat: Chunk             |     5 |     9 |    12 |    37 |     7 ||    70
       Ration            |       |       |     2 |     3 |     1 ||     6
Armor: Skin              |    48 |    19 |    65 |    70 |    20 ||   222
Dodge: Dodged            |    84 |    93 |   264 |   231 |    96 ||   768
       Deflected         |     1 |       |     4 |     4 |       ||     9

Table legend:
 A = Non-vault XP
 B = Vault XP
 C = Vault XP percentage of total XP
 D = Non-vault monster count
 E = Vault monster count
 F = Vault count percentage of total count
                 A         B        C        D         E       F
            +---------+---------+-------+---------+---------+-------
      Total |   40057 |    6516 |  14.0 |     370 |      58 |  13.6
            +---------+---------+-------+---------+---------+-------
        D:1 |      27 |       0 |   0.0 |      16 |       0 |   0.0
        D:2 |      29 |       0 |   0.0 |      11 |       0 |   0.0
        D:3 |      92 |       0 |   0.0 |      19 |       0 |   0.0
        D:4 |     478 |       0 |   0.0 |      17 |       0 |   0.0
        D:5 |     549 |       0 |   0.0 |      23 |       0 |   0.0
        D:6 |     623 |     954 |  60.5 |      18 |       5 |  21.7
        D:7 |     791 |     460 |  36.8 |      17 |       6 |  26.1
        D:8 |    3382 |       0 |   0.0 |      51 |       0 |   0.0
        D:9 |    2011 |       0 |   0.0 |      29 |       0 |   0.0
       D:10 |    2220 |     493 |  18.2 |      21 |       1 |   4.5
       D:11 |    3751 |     113 |   2.9 |      39 |       1 |   2.5
     Lair:1 |    6156 |    2002 |  24.5 |      28 |       9 |  24.3
     Lair:2 |    5537 |     522 |   8.6 |      17 |       1 |   5.6
     Lair:3 |    6600 |     580 |   8.1 |      25 |       1 |   3.8
     Lair:4 |    7715 |     999 |  11.5 |      38 |      18 |  32.1
     Lair:5 |      96 |       0 |   0.0 |       1 |       0 |   0.0
    Ossuary |       0 |     393 | 100.0 |       0 |      16 | 100.0
            +---------+---------+-------+---------+---------+-------
